AoeStats
← ChessPro2007

Black Forest

510033032Analyzed
2v2 RM · 4d ago on Sep 29, 2026· 54m 30s· 4 players
Game mode
Random Map
Map size
Medium (4 player)
Population
200
Speed
Normal
Resources
Standard
Victory
Conquest
Starting age
Dark Age
Ending age
Imperial Age
RankedLock teamsTeams togetherTeam positionsShared explorationLock speedFull tech treeHidden civsTurbo modeCheats
Victory
Defeat
🇲🇽 Danes · Mexico
1287
+10
🇦🇷 Goths · Argentina
1236
+12
🇺🇸 Bohemians · United States
1182
-12
🇺🇸 Saracens · United States
1127
-10
hamu
0:26 Loom
10:57 Feudal Age
12:16 Double-Bit Axe
16:09 Castle Age
14:51 Horse Collar
15:15 Gold Mining
17:09 Bow Saw
25:42 Wheelbarrow
29:53 Imperial Age
27:41 Squires
28:11 Hand Cart
28:02 Heavy Plow
28:29 Scale Mail Armor
28:39 Forging
28:33 Hamask
30:17 Chain Mail Armor
30:37 Iron Casting
30:38 Elite Varangian Guard
32:52 Conscription
33:57 Onager
35:46 Town Watch
36:48 Iron Casting
37:37 Northmen's Fury
38:56 Gold Shaft Mining
37:49 Pikeman
38:31 Siege Onager
40:28 Chemistry
39:20 Halberdier
41:30 Siege Engineers
44:02 Town Patrol
49:10 Ballistics
52:39 Arson
NoCry
4:11 Loom
9:55 Feudal Age
11:14 Man-at-Arms
18:24 Castle Age
19:19 Squires
24:05 Scale Mail Armor
24:15 Forging
23:28 Long Swordsman
36:37 Horse Collar
36:46 Double-Bit Axe
44:40 Imperial Age
42:40 Chain Mail Armor
43:53 Iron Casting
43:58 Wheelbarrow
43:18 Gold Mining
44:24 Bow Saw
45:38 Hand Cart
45:10 Town Watch
44:50 Onager
46:43 Conscription
46:34 Perfusion
47:46 Blast Furnace
46:16 Two-Handed Swordsman
47:57 Champion
MuMu4U4U
11:30 Feudal Age
11:24 Loom
22:45 Castle Age
25:03 Fletching
29:11 Double-Bit Axe
45:51 Imperial Age
46:15 Chemistry
49:02 Double-Bit Axe
ChessPro2007
0:46 Loom
11:12 Feudal Age
12:36 Double-Bit Axe
17:55 Castle Age
17:31 Town Watch
20:56 Wheelbarrow
26:00 Forging
25:44 Fletching
28:37 Bodkin Arrow
30:38 Hand Cart
33:03 Fortified Wall
36:38 Imperial Age
35:48 Husbandry
35:58 Bloodlines
36:04 Scale Barding Armor
36:10 Forging
36:26 Stone Mining
36:26 Gold Mining
37:48 Gold Shaft Mining
37:30 Siege Engineers
37:04 Light Cavalry
39:01 Conscription
39:33 Iron Casting
40:16 Chemistry
39:32 Elite Mameluke
44:01 Bracer
45:02 Blast Furnace
44:22 Chain Barding Armor
44:44 Bow Saw
44:15 Horse Collar
43:56 Crossbowman
45:32 Arbalester
46:37 Thumb Ring
47:19 Bimaristan
48:16 Chain Barding Armor
47:57 Padded Archer Armor
50:21 Plate Barding Armor
50:02 Leather Archer Armor
51:20 Ballistics
51:36 Hoardings
Connection lost

Rejoining the realm…

Still unreachable

The connection could not be restored.

Session expired

The server has moved on; the page needs a fresh start.